 Dungeon Crawl Stone Soup version 0.29-a0-1027-gcd8c55af63 (webtiles) character file.

Game seed: 11901894884985634961

3718 siradein the Fighter (level 9, -1/127 HPs)
             Began as a Black Draconian Berserker on Aug 13, 2022.
             Was an Elder of Trog.
             Slain by an orc warrior
             ... wielding a +0 glaive
              (8 damage)
             ... in a bailey.
             The game lasted 00:21:37 (7438 turns).

siradein the Fighter (Black Draconian Berserker)    Turns: 7438, Time: 00:21:38

Health: -1/127     AC: 13    Str: 19    XL:     9   Next: 92%
Magic:  9/9        EV: 16    Int:  6    God:    Trog [****..]
Gold:   395        SH:  4    Dex: 15    Spells: 8/8 levels left

rFire   . . .      SeeInvis .   k - +0 scimitar
rCold   + + +      Faith    +   (no shield)
rNeg    . . .      Spirit   .   (body armour unavailable)
rPois   .          Reflect  .   (helmet restricted)
rElec   +          Harm     +   t - +0 cloak
rCorr   +          Rampage  .   q - +1 pair of gloves
Will    .....                   r - +2 pair of boots
Stlth   ..........              m - amulet "Xoid" {Faith Harm Drain rC+++ rCorr}
HPRegen 0.31/turn               i - ring of resist corrosion
MPRegen 0.11/turn               (no ring)

@: berserking, very quick
A: breathe lightning, AC +7, unfitting armour, electricity resistance,
cold-blooded, large bone plates 1, dopey 1
a: Breathe Lightning, Renounce Religion, Berserk, Trog's Hand, Brothers in Arms


You were in a bailey.
You worshipped Trog.
Trog was greatly pleased with you.
You visited 1 branch of the dungeon, and saw 7 of its levels.
You also visited: Bailey.

You collected 395 gold pieces.

Inventory:

Hand Weapons
 k - a +0 scimitar (weapon)
Missiles
 n - 15 javelins (quivered)
Armour
 q - a +1 pair of gloves (worn)
 r - a +2 pair of boots (worn)
 t - a +0 cloak (worn)
Jewellery
 i - a ring of resist corrosion (left hand)
 m - the amulet "Xoid" (around neck) {Faith Harm Drain rC+++ rCorr}
   (You found it on level 3 of the Dungeon)

   [amulet of faith]

   It allows you to gain divine favour quickly.
   rC:        It renders you almost immune to cold.
   rCorr:     It protects you from acid and corrosion.
   Drain:     It drains your maximum health when unequipped.
   Harm:      It increases damage dealt and taken.
 p - an amulet of magic regeneration
 y - a ring of magical power
Wands
 u - a wand of polymorph (15)
 x - a wand of acid (9)
 z - a wand of flame (4)
Scrolls
 a - 2 scrolls of amnesia {unknown}
 c - 5 scrolls of teleportation
 d - 4 scrolls of magic mapping {unknown}
 h - 3 scrolls of blinking
 j - a scroll of fear {unknown}
 o - a scroll of poison {unknown}
 s - a scroll of identify
 v - a scroll of fog {unknown}
 w - 2 scrolls of noise {unknown}
Potions
 b - a potion of flight
 e - 2 potions of curing
 f - 5 potions of heal wounds
 g - 3 potions of lignification
 l - a potion of haste
 A - a potion of resistance {unknown}


   Skills:
 + Level 9.6 Fighting
 + Level 8.9 Long Blades
 + Level 8.0 Dodging


You had 8 spell levels left.
You didn't know any spells.
Your spell library was empty.

Dungeon Overview and Level Annotations

Branches:
Dungeon (7/15)             Temple (0/1) D:5          Bailey (1/1)

Altars:
Elyvilon
Ru
Xom
The Shining One

Shops:
D:1 [   D:3 :   D:6 =:


Innate Abilities, Weirdness & Mutations

You can breathe wild blasts of lightning.
Your glossy black scales are hard. (AC +7)
You cannot fit into any form of body armour.
You are resistant to electric shocks. (rElec)
You are cold-blooded and may be slowed by cold attacks.
You are partially covered in large bone plates. (SH +4)
You are dopey. (Int -2)


Message History

You tail-slap the centaur, but do no damage.
The centaur is lightly wounded.
The orc warrior misses you. The orc hits you but does no damage.
The orc warrior hits you from afar with a +0 glaive!
The orc closely misses you. You block the centaur's attack.
The centaur kicks you but does no damage.
A red film seems to cover your vision as you go berserk!
You feel yourself moving faster!
You feel mighty! The centaur misses you. You block the centaur's attack.
The orc warrior barely misses you. The orc warrior closely misses you.
The orc closely misses you.
The orc hits you from afar with a +0 halberd.
The centaur barely misses you.
The centaur kicks you but does no damage.
Why would you want to do that?
You slash the centaur!
You kill the centaur!
Trog accepts your kill.
The orc warrior hits you from afar with a +0 glaive!!
* * * LOW HITPOINT WARNING * * *
The orc hits you but does no damage. The orc warrior barely misses you.
The orc closely misses you. Why would you want to do that?
The orc warrior barely misses you. You block the orc's attack.
The orc barely misses you.
The orc warrior hits you from afar with a +0 glaive.
* * * LOW HITPOINT WARNING * * *
The centaur hits you from afar with a +0 trident!
* * * LOW HITPOINT WARNING * * *
Things that are here:
a +0 halberd; 2 javelins; a +0 scale mail You barely miss the orc.
You tail-slap the orc, but do no damage.
The centaur hits you but does no damage.
Unknown command.
You slash the orc!
You kill the orc!
Trog accepts your kill. The orc closely misses you.
The orc warrior completely misses you.
The orc warrior hits you from afar with a +0 glaive!
You die...

≈.c≈#...#≈..≈≈≈≈≈≈≈#
.≈≈≈.....≈≈≈..≈≈≈≈≈#
≈≈.........≈≈≈.≈≈≈≈#
.....≈≈≈.....≈)≈≈≈≈#
.⌠..≈≈≈≈≈..⌠.≈≈.≈≈≈#
....≈≈≈≈≈.....≈.≈≈≈#
...≈≈~~~≈≈....≈≈.≈≈#
...≈~≈~≈~≈...oo≈)≈≈#
...≈~≈)≈~≈...oo≈@≈≈#
≈~≈....o≈)≈≈#
≈~≈.....≈c≈≈#
~≈.....≈.≈≈#
≈≈....≈≈.≈≈#
≈.....≈.≈≈≈#
..⌠.≈≈.≈≈≈#
....≈.≈≈≈≈#


You could see 2 orc warriors, a centaur and 3 orcs.

Vanquished Creatures
  Grinder (D:5)
  Sigmund (D:5)
  4 humans (D:6)
  3 water moccasins
  Duvessa (D:5)
  An ice beast (D:5)
  7 orc warriors
  A black bear (D:5)
  An ogre (D:6)
  6 centaurs (Bailey)
  3 bullfrogs (D:6)
  Blork the orc (D:6)
  A necrophage (D:4)
  5 scorpions
  Dowan (D:5)
  A jelly (D:5)
  Jessica (D:2)
  5 iguanas
  4 adders
  A white imp (D:6)
  2 ufetubi (D:5)
  A dart slug (D:4)
  23 orcs
  7 ball pythons
  7 bats
  10 endoplasms
  5 giant cockroaches
  8 goblins
  7 hobgoblins
  7 quokkas
  2 frilled lizards
  10 kobolds
  5 rats
143 creatures vanquished.

Notes
Turn   | Place    | Note
-------+----------+-------------------------------------------
     0 | D:1      | siradein the Draconian Berserker began the quest for the
                  | Orb.
     0 | D:1      | Reached XP level 1. HP: 19/19 MP: 1/1
   295 | D:1      | Reached XP level 2. HP: 26/26 MP: 2/2
   389 | D:1      | Found Itedghou's Armour Emporium.
   551 | D:1      | Found a faded altar of an unknown god.
  1076 | D:2      | Reached XP level 3. HP: 33/33 MP: 3/3
  1118 | D:2      | Reached ** piety under Trog
  1771 | D:2      | Reached skill level 4 in Fighting
  2298 | D:2      | Noticed Jessica
  2303 | D:2      | Killed Jessica
  2304 | D:2      | Reached XP level 4. HP: 40/40 MP: 4/4
  2381 | D:3      | Noticed a water moccasin
  2386 | D:3      | Killed a water moccasin
  2387 | D:3      | Reached XP level 5. HP: 47/47 MP: 5/5
  2738 | D:3      | Found a faded altar of an unknown god.
  2738 | D:3      | Found a glowing golden altar of the Shining One.
  2745 | D:3      | Found a shimmering altar of Xom.
  2747 | D:3      | Found a sacrificial altar of Ru.
  2749 | D:3      | Found a faded altar of an unknown god.
  2870 | D:3      | Found Unlecic's Book Emporium.
  2877 | D:3      | Identified the amulet "Xoid" {Faith Harm Drain rC+++ rCorr}
  3307 | D:3      | Gained mutation: Your flesh is cold resistant. (rC+)
                  | [potion of mutation]
  3307 | D:3      | Gained mutation: You occasionally lose the ability to read
                  | scrolls when taking damage. [potion of mutation]
  3307 | D:3      | Gained mutation: Your flesh is very cold resistant. (rC++)
                  | [potion of mutation]
  3308 | D:3      | Lost mutation: Your flesh is very cold resistant. (rC++)
                  | [potion of mutation]
  3308 | D:3      | Lost mutation: Your flesh is cold resistant. (rC+) [potion
                  | of mutation]
  3308 | D:3      | Gained mutation: You are partially covered in large bone
                  | plates. (SH +4) [potion of mutation]
  3308 | D:3      | Lost mutation: You occasionally lose the ability to read
                  | scrolls when taking damage. [potion of mutation]
  3308 | D:3      | Gained mutation: You are dopey. (Int -2) [potion of
                  | mutation]
  3470 | D:4      | Reached skill level 5 in Fighting
  3470 | D:4      | Reached XP level 6. HP: 44/56 MP: 6/6
  3696 | D:4      | Reached *** piety under Trog
  4134 | D:4      | Found a white marble altar of Elyvilon.
  4439 | D:5      | Entered Level 5 of the Dungeon
  4443 | D:5      | Noticed an orc warrior
  4452 | D:5      | Reached skill level 5 in Long Blades
  4461 | D:5      | Killed an orc warrior
  4462 | D:5      | Your scales start taking on a glossy black colour.
  4462 | D:5      | Reached XP level 7. HP: 62/62 MP: 7/7
  4462 | D:5      | Gained mutation: You are resistant to electric shocks.
                  | (rElec) [Black Draconian growth]
  4570 | D:5      | Reached skill level 6 in Fighting
  4714 | D:5      | Reached skill level 5 in Dodging
  4756 | D:5      | Noticed Sigmund
  4811 | D:5      | Killed Sigmund
  4838 | D:5      | Noticed Duvessa
  4839 | D:5      | Noticed Dowan
  4849 | D:5      | Killed Duvessa
  4850 | D:5      | Reached XP level 8. HP: 71/71 MP: 8/8
  4959 | D:5      | Found a staircase to the Ecumenical Temple.
  5016 | D:5      | Killed Dowan
  5192 | D:5      | Reached skill level 7 in Fighting
  5388 | D:5      | Noticed Grinder
  5390 | D:5      | Paralysed by Grinder for 4 turns
  5404 | D:5      | Killed Grinder
  5603 | D:6      | Found Iqihiodu's Jewellery Emporium.
  5608 | D:6      | Noticed Blork the orc
  5624 | D:6      | Killed Blork the orc
  5742 | D:6      | Reached skill level 8 in Fighting
  5751 | D:6      | Reached XP level 9. HP: 28/81 MP: 9/9
  6264 | D:6      | Found Qiotieli's Book Shop.
  6534 | D:7      | Found a flagged portal.
  6561 | Bailey   | Entered a bailey
  6797 | Bailey   | Reached skill level 9 in Fighting
  6904 | Bailey   | Reached **** piety under Trog
  7438 | Bailey   | Slain by an orc warrior

Illustrated notes

Levels and vault maps discovered:
D:1:      lightli_molten_gateway, layout_basic, serial_shops, shop_fountains,
          ebering_ecumenical_altar_hall, minmay_misc_feat_rows
D:2:      layout_loops_corners, kennysheep_jessica_study
D:3:      layout_loops_ring, chequers_temple_overflow_minitemple, serial_shops,
          nicolae_shop_stone
D:4:      wander_river, layout_layer_cave, mainiacjoe_overflow_boulevard
D:5:      layout_rooms, minmay_temple_entry_large_hall,
          kennysheep_generic_room_6, uniq_sigmund, uniq_grinder, uniq_duvessa
D:6:      layout_cave_pools, serial_shops, nicolae_shop_statue_plus, shop,
          minmay_ruffians, uniq_blork_the_orc
D:7:      layout_gridville, kennysheep_mini_moat, slow_altar_1, enter_bailey_3,
          chequers_serial_rivers_large_a, kennysheep_generic_room_9, uniq_pikel
Bailey:   bailey_polearm_flooded_kennysheep, bailey

Skill      XL: |  1  2  3  4  5  6  7  8  9 |
---------------+----------------------------+-----
Dodging        | 3 4 5 6 8 |  8.0
Fighting       | 4 5 6 8 9 |  9.6
Long Blades    | 4 5 6 7 8 |  8.9

Action                   |  1- 3 |  4- 6 |  7- 9 || total
-------------------------+-------+-------+-------++-------
Melee: Falchion          |    83 |       |       ||    83
       Tailslap          |     9 |    21 |    52 ||    82
       Long sword        |    30 |   104 |       ||   134
       Punch             |     1 |     2 |     3 ||     6
       Scimitar          |       |       |   314 ||   314
Invok: Berserk           |       |     2 |     8 ||    10
       Trog's Hand       |       |       |     1 ||     1
  Use: Scroll            |       |     9 |     4 ||    13
       Potion            |       |     2 |     2 ||     4
 Stab: Sleeping          |     2 |     4 |     1 ||     7
       Distracted        |       |     1 |       ||     1
Armor: Skin              |    41 |    18 |   145 ||   204
Dodge: Dodged            |    93 |    51 |   356 ||   500
Block: Other             |       |    13 |    88 ||   101

Table legend: (Time is in decaauts)
 A = Elapsed time spent in this place.
 B = Non-inter-level travel time spent in this place.
 C = Inter-level travel time spent in this place.
 D = Time resting spent in this place.
 E = Time spent auto-exploring this place.
 F = Levels seen in this place.
 G = Mean time per level.
                   A        B        C        D        E       F      G
               +--------+--------+--------+--------+--------+-----+--------+
         Total |   7553 |   7187 |    366 |     57 |   5783 |   8 |  944.1 |
       Dungeon |   6666 |   6300 |    366 |     57 |   5175 |   7 |  952.3 |
        Bailey |    887 |    887 |      0 |      0 |    608 |   1 |  887.0 |
               +--------+--------+--------+--------+--------+-----+--------+

Top non-repeatable levels by time:
     D:2: 1314 daAuts
     D:4: 1209 daAuts
     D:1: 1065 daAuts
     D:5: 1025 daAuts
     D:3: 1018 daAuts
     D:6: 992 daAuts
  Bailey: 887 daAuts
     D:7: 41 daAuts
